 Dungeon Crawl Stone Soup version 0.27.1-33-g824d729ab1 (webtiles) character file.

Game seed: 4541646667845740937

7 pkoi the Grasshopper (level 1, -3/17 HPs)
             Began as a Draconian Warper on Dec 21, 2021.
             Slain by a gnoll (9 damage)
             ... on level 1 of the Dungeon.
             The game lasted 00:00:25 (461 turns).

pkoi the Grasshopper (Draconian Warper)              Turns: 461, Time: 00:00:25

Health: -3/17      AC:  4    Str: 13    XL:     1   Next: 91%
Magic:  3/3        EV: 12    Int: 13    God:
Gold:   0          SH:  0    Dex: 10    Spells: 4/4 levels left

rFire    . . .     SeeInvis .   d - +0 dagger
rCold    . . .     Faith    .   (no shield)
rNeg     . . .     Spirit   .   (armour unavailable)
rPois    .         Reflect  .   (helmet restricted)
rElec    .         Harm     .   (no cloak)
rCorr    .         Rampage  .   (no gloves)
Will     .....                  (no boots)
Stlth    +.........             (no amulet)
HPRegen  0.05/turn              (no ring)
MPRegen  0.08/turn              (no ring)

@: no status effects
A: AC +4, unfitting armour, cold-blooded
a: no special abilities


You were on level 1 of the Dungeon.
You visited 1 branch of the dungeon, and saw 1 of its levels.

Inventory:

Hand Weapons
 d - a +0 dagger (weapon)
Missiles
 b - 5 boomerangs of dispersal (quivered)
 c - 8 boomerangs
Scrolls
 a - a scroll of blinking


   Skills:
 - Level 2.1 Fighting
 - Level 0.8 Throwing
 - Level 2.1 Dodging
 + Level 2.7 Unarmed Combat
 - Level 2.0 Spellcasting
 - Level 3.0 Translocations


You had 4 spell levels left.
You didn't know any spells.
Your spell library contained the following spells:

 Spells                   Type           Power      Damage    Failure   Level
 Blink                    Tloc           N/A        N/A       11%         2
 Gell's Gravitas          Tloc           4%         N/A       22%         3
 Lesser Beckoning         Tloc           4%         N/A       22%         3
 Teleport Other           Tloc           9%         N/A       22%         3
 Manifold Assault         Tloc           9%         N/A       90%         5


Dungeon Overview and Level Annotations

Branches:
Dungeon (1/15)

Altars:

Shops:
D:1 *


Innate Abilities, Weirdness & Mutations

Your plain brown scales are hard. (AC +4)
You cannot fit into any form of body armour.
You are cold-blooded and may be slowed by cold attacks.


Message History

You are too injured to fight recklessly!
You are too injured to fight recklessly!
You are too injured to fight recklessly!
You are too injured to fight recklessly!
You are too injured to fight recklessly!
You are too injured to fight recklessly!
You are too injured to fight recklessly!
You are too injured to fight recklessly!
The jackal bites you but does no damage.
The kobold closely misses you. The jackal bites you.
The jackal bites you but does no damage.
The jackal closely misses you.
The jackal bites you but does no damage.
The jackal closely misses you.
You see here a jackal skeleton.
The jackal bites you but does no damage.
The jackal bites you but does no damage.
You hit the jackal.
You kill the jackal!
The gnoll misses you.
You hit the gnoll but do no damage. The gnoll closely misses you.
You hit the gnoll.
The gnoll is lightly wounded.
The gnoll closely misses you.
You closely miss the gnoll.
The gnoll is lightly wounded.
The gnoll barely misses you.
You hit the gnoll.
The gnoll is moderately wounded.
The gnoll hits you but does no damage.
You barely miss the gnoll.
The gnoll is moderately wounded.
The gnoll hits you with a +0 flail.
* * * LOW HITPOINT WARNING * * *
You closely miss the gnoll.
The gnoll is moderately wounded.
The gnoll hits you with a +0 flail!
Ouch! That really hurt!
You die...

...............................
.........######...#####.#######
#.........######..#####....####
...............................
..........######..#######.#####
..........######..........# #
#######..................†# #
######..#######.########.# #
#..........Krg@....# #.#####
#....###..######.#.# #......
#... #...####.....#######.....
### #.#....#.#.##......+.....
#.#..#.#.#.##.######.....
#.#..#.#.#.##.# ######' ###
#......#.#.##.# #...... #<#
###.#..#.#.##.#####.####. #.#
##.#..#.#.##.#...#....#.


You could see a gnoll, a kobold and a rat.

Vanquished Creatures
  2 ball pythons (D:1)
  A goblin (D:1)
  2 jackals (D:1)
  2 rats (D:1)
7 creatures vanquished.

Notes
Turn   | Place    | Note
-------+----------+-------------------------------------------
     0 | D:1      | pkoi the Draconian Warper began the quest for the Orb.
     0 | D:1      | Reached XP level 1. HP: 17/17 MP: 3/3
    31 | D:1      | Found Epreh's Assorted Antiques.
   461 | D:1      | Slain by a gnoll

Illustrated notes

Levels and vault maps discovered:
D:1:      lemuel_arrival_cross, layout_basic, serial_shops, shop, minivault_23,
          nrook_uturn, skrybe_limestone_x

Action                   || total
-------------------------++-------
Melee: Dagger            ||    18
       Unarmed           ||    18
       Tailslap          ||     3
Armor: Skin              ||    23
Dodge: Dodged            ||    28
